 Dungeon Sprint DCSS version 0.30.1-4-g462c640d31 (webtiles) character file.

Game seed: 4079358936756840864

25 Heoruswealwe the Magician (level 2, -6/15 HPs)
             Began as a Deep Elf Earth Elementalist on Aug 30, 2023.
             Mangled by an ogre
             ... wielding a +0 giant club
              (21 damage)
             ... in the Dungeon (Sprint I: "Red Sonja").
             The game lasted 00:01:25 (58 turns).

Heoruswealwe the Magician (DEEE)                      Turns: 58, Time: 00:01:26

Health: -6/15      AC:  2    Str:  5    XL:     2   Next: 82%
Magic:  8/11       EV: 12    Int: 19    God:
Gold:   54         SH:  0    Dex: 15    Spells: 10/13 levels left

rFire   . . .        a - +1 dagger (protect)
rCold   . . .        (no shield)
rNeg    . . .        c - +0 robe
rPois   .            (no helmet)
rElec   .            (no cloak)
rCorr   .            (no gloves)
SInv    .            (no boots)
Will    .....        (no amulet)
Stlth   ++           (no ring)
HPRegen 0.22/turn    (no ring)
MPRegen 0.12/turn

%: no teleportation
@: no status effects
A: no striking features
a: no special abilities


You were in the Dungeon.
You visited 1 branch You collected 54 gold pieces.

Inventory:

Hand Weapons
 a - a +1 dagger of protection (weapon)
Armour
 c - a +0 robe (worn)
Wands
 e - a wand of digging (6)
Potions
 b - 3 potions of magic
 d - a potion of heal wounds
 f - a potion of haste
 h - a potion of curing


   Skills:
 - Level 2.4 Dodging
 - Level 2.4 Stealth
 + Level 6.1 Spellcasting
 - Level 1.1 Transmutations
 + Level 5.5 Earth Magic


You had 10 spell levels left.
You knew the following spells:

 Your Spells              Type           Power      Damage    Failure   Level
a - Sandblast             Erth           52%        2d12      1%          1
z - Passwall              Tmut/Erth      15%        N/A       4%          2

Your spell library contained the following spells:

 Spells                   Type           Power      Damage    Failure   Level
 Stone Arrow              Conj/Erth      32%        3d9       11%         3
 Petrify                  Tmut/Erth      18%        N/A       28%         4


Dungeon Overview and Level Annotations

Branches:
Dungeon (1/1)

Altars:


Message History

a - a +1 dagger of protection (weapon)
Adjust (i)tems, (s)pells, or (a)bilities?
h - a +0 robe (worn)
Adjust to which letter? (? for menu, Esc to quit)
c - a +0 robe (worn);
h - a potion of curing Memorise Passwall, consuming 2 spell levels and leaving 10?
You start memorising the spell.
You continue memorising. x2
You finish memorising.
Spell assigned to 'b'.
Adjust (i)tems, (s)pells, or (a)bilities?
Adjust which spell? b - Passwall Adjust to which letter? z - Passwall
Things that are here:
a +0 ring mail; the goblin corpse of Ijyb You feel yourself speed up.
You start resting.
Your extra speed is starting to run out.
You start resting.
HP restored.
You start resting.
You feel yourself slow down.
You start resting.
Magic restored.
You start waiting.
You recover from your berserk rage.
You open the door.
An ogre comes into view. It is wielding a +0 giant club.
The ogre shouts!
Blink to where?
Press: ? - help, Dir - move target
As you read the scroll of blinking, it crumbles to dust.
The blast of sand hits the ogre.
The ogre is moderately wounded.
The blast of sand hits the ogre!
The ogre is heavily wounded.
The blast of sand hits the ogre!
The ogre is severely wounded.
The ogre hits you with a +0 giant club!!
Ouch! That really hurt!
You die...

##########
#<.#..'..#
#..'[.#..+
#@O#### +#
#..# #..#
#..# #⌠⌠#
##.# #..#
####


You could see an ogre.

Vanquished Creatures
  Ijyb (D)
1 creature vanquished.

Notes
Turn   | Place    | Note
-------+----------+-------------------------------------------
     0 | D        | Heoruswealwe the Deep Elf Earth Elementalist began the
                  | quest for the Orb.
     0 | D        | Reached XP level 1. HP: 10/10 MP: 6/6
     1 | D        | Noticed Ijyb
    11 | D        | Killed Ijyb
    12 | D        | Reached skill level 6 in Spellcasting
    12 | D        | Reached skill level 5 in Earth Magic
    12 | D        | Reached XP level 2. HP: 12/15 MP: 7/11
    38 | D        | Learned a level 2 spell: Passwall
    53 | D        | Noticed an ogre
    58 | D        | Mangled by an ogre

Illustrated notes

Levels and vault maps discovered:
D:        dungeon_sprint_1 [red_sonja_temple_1, red_sonja_temple_small_1]

Skill      XL: |  1 |
---------------+----+-----
Spellcasting   | 6 |  6.1
Earth Magic    | 5 |  5.5
Dodging        | |  2.4
Stealth        | |  2.4
Transmutations | |  1.1

Action                     || total
---------------------------++-------
  Melee: Unarmed           ||     7
   Cast: Sandblast         ||     3
  Evoke: Wand              ||     1
    Use: Potion            ||     2
         Scroll            ||     1
